Diables vs Rafales
Created - 24 novembre 2015 at 19:00
Goals
|
| Diables |
0 |
2 |
0 |
0 |
2 |
| Rafales |
0 |
1 |
1 |
1 |
3 |
|
Shots
|
| Diables |
11 |
18 |
12 |
5 |
46 |
| Rafales |
13 |
12 |
11 |
4 |
40 |
|
1st period
No Goal
Penalties :
Josh Meyers (Alm) for Roughing (Minor) at 15:09, Matt Jones (Alm) for Hooking (Minor) at 18:08
2nd period
1. Diables , Tyler Bozak 10 (Dustin Kohn, Steve Quailer) at 10:31
2. Diables , Brett Maclean 6 (Matt Jones, Damien Brunner) at 12:05
3. Rafales , Willie Mitchell 3 (Dmitry Kulikov) at 12:28
Penalties :
No Penalty
3rd period
4. Rafales , Mike Zigomanis 9 (Bruno Gervais, Mike Sislo) at 10:45
Penalties :
Michael Bournival (Stf) for Hooking (Minor) at 4:47
Overtime #1
5. Rafales , Dan Fritsche 7 (Nathan Davis) at 4:47
Penalties :
No Penalty
Goalie Stats
Frederik Andersen (Alm), 37 saves from 40 shots - (0,925), OTL, 8-8-1, 64:47 minutes
Eddie Lack (Stf), 44 saves from 46 shots - (0,957), W, 2-2-0, 64:47 minutes
Players Stats for Diables
Player Name G A P +/- PIM S H SB GA TA FO MP PP MP PK MP
------------------------------------------------------------------------------------
Brett Maclean 1 0 1 -1 0 5 2 0 2 3 5/12 24:44 1:00 2:29
Brian Dumoulin 0 0 0 -2 0 0 0 0 0 0 0/0 6:09 0:00 0:08
Craig Smith 0 0 0 0 0 3 1 2 0 0 3/5 13:05 0:00 0:00
Damien Brunner 0 1 1 0 0 7 2 2 1 1 0/3 21:07 1:00 1:12
Dustin Kohn 0 1 1 0 0 6 4 2 0 1 0/0 28:00 1:26 2:43
J.T. Brown 0 0 0 0 0 3 1 1 0 0 0/0 8:48 0:00 0:00
Jamie Arniel 0 0 0 0 0 0 0 0 0 0 1/6 7:52 0:00 0:00
Josh Meyers 0 0 0 1 2 1 0 1 1 0 0/0 16:06 0:00 0:00
Kellan Lain 0 0 0 0 0 4 2 0 0 0 5/12 18:47 0:59 1:12
Lukas Krajicek 0 0 0 0 0 1 1 0 0 1 0/0 28:01 1:26 2:44
Matt Jones 0 1 1 -1 2 2 2 1 0 1 0/0 23:48 0:33 0:41
Patrick Maroon 0 0 0 0 0 0 2 2 0 0 0/0 12:26 0:00 0:17
Pavel Valentenko 0 0 0 0 0 2 3 1 1 0 0/0 14:17 0:00 1:40
Pierre-Cédric Labrie 0 0 0 0 0 3 1 0 0 0 0/1 16:26 0:59 0:00
Steve Quailer 0 1 1 0 0 2 3 0 3 1 0/0 16:26 0:59 0:00
Taylor Beck 0 0 0 0 0 2 2 0 0 0 0/0 8:26 0:00 0:17
Tomas Kubalik 0 0 0 0 0 0 0 2 1 0 0/0 12:24 0:00 0:00
Tyler Bozak 1 0 1 -1 0 5 0 1 0 0 19/30 24:44 1:00 2:29
Tyson Barrie 0 0 0 0 0 0 0 0 0 0 0/0 13:32 0:33 0:00
Players Stats for Rafales
Player Name G A P +/- PIM S H SB GA TA FO MP PP MP PK MP
------------------------------------------------------------------------------------
Bruno Gervais 0 1 1 2 0 2 1 0 0 0 0/0 17:00 1:25 0:00
Cody McLeod 0 0 0 -1 0 4 4 0 1 0 3/3 18:54 2:17 1:13
Dan Fritsche 1 0 1 0 0 6 0 1 0 1 7/10 18:12 1:32 0:33
Dmitry Kulikov 0 1 1 0 0 1 1 1 1 1 0/0 29:25 2:33 0:49
Jeff Skinner 0 0 0 1 0 1 1 1 0 0 1/3 14:36 1:41 0:13
Johan Ryno 0 0 0 0 0 3 0 0 0 0 0/0 9:04 0:00 0:00
Jonas Junland 0 0 0 -1 0 1 0 0 0 2 0/0 18:22 0:00 1:10
Jonathan Rheault 0 0 0 0 0 1 1 0 1 2 0/1 18:02 0:00 0:00
Matt Gilroy 0 0 0 2 0 1 0 1 0 0 0/0 17:00 1:25 0:00
Michael Bournival 0 0 0 0 2 1 0 1 0 0 0/1 18:49 0:00 0:00
Mike Sislo 0 1 1 0 0 2 2 1 0 0 0/0 8:47 0:00 0:00
Mike Zigomanis 1 0 1 1 0 4 1 0 1 0 8/16 18:34 2:26 1:13
Milan Bartovic 0 0 0 1 0 0 0 0 0 0 0/0 17:02 2:26 0:00
Nathan Davis 0 1 1 1 0 8 2 1 2 0 12/28 19:49 0:00 0:33
Ryan Bourque 0 0 0 0 0 0 1 0 0 0 5/7 9:19 0:00 0:13
Ryan Ellis 0 0 0 -1 0 2 2 1 1 0 0/0 24:54 2:33 0:49
Tim Crowder 0 0 0 -1 0 1 1 0 0 0 0/0 16:26 1:32 0:00
Willie Mitchell 1 0 1 0 0 2 0 3 1 3 0/0 22:53 0:00 1:10
3 Stars
1 - Eddie Lack (Stf)
2 - Mike Zigomanis (Stf)
3 - Willie Mitchell (Stf)
Power Play
Diables - 0 on 1 Attempt(s) - 0,00%
Rafales - 0 on 2 Attempt(s) - 0,00%
Penalty Kill
Diables - 2 on 2 Attempt(s) - 100,00%
- Score 0 goal in Penalty Kill
Rafales - 1 on 1 Attempt(s) - 100,00%
- Score 0 goal in Penalty Kill
Team Stat
Diables - Hits : 26 - Faceoff Wins : 33 - Blocked Shots : 15 - Penalty Minutes : 4
Rafales - Hits : 17 - Faceoff Wins : 36 - Blocked Shots : 11 - Penalty Minutes : 2
Official
Referees : Pollock Kevin and Rehman Kyle
Linesman : Lyle Seitz and Mark Wheler
Game Notes
No Game Note
Finance
Level 1 -- Attendance: 1593 (79,65%) -- Ticket Income 55 755 $
Level 2 -- Attendance: 680 (68,00%) -- Ticket Income 10 200 $
Total Attendance: 2273 (75,77%)
Total Ticket Income: 65 955 $
Other Income: 3 298 $
Total Income: 69 253 $
Diables
5 vs 5 Forward
Center Left Wing Right Wing Time % Phy DF OF
1 Tyler Bozak Brett Maclean Damien Brunner 40 1 2 2
2 Kellan Lain Pierre-Cédric Labrie Steve Quailer 30 1 2 2
3 Craig Smith Patrick Maroon Tomas Kubalik 20 1 2 2
4 Jamie Arniel Taylor Beck J.T. Brown 10 1 2 2
5 vs 5 Defense
Defense Defense Time % Phy DF OF
1 Lukas Krajicek Dustin Kohn 40 1 2 2
2 Matt Jones Josh Meyers 30 1 2 2
3 Tyson Barrie Pavel Valentenko 20 1 2 2
4 Brian Dumoulin Matt Jones 10 1 2 2
PowerPlay Forward
Center Left Wing Right Wing Time % Phy DF OF
1 Tyler Bozak Brett Maclean Damien Brunner 60 1 2 2
2 Kellan Lain Pierre-Cédric Labrie Steve Quailer 40 1 2 2
PowerPlay Defense
Defense Defense Time % Phy DF OF
1 Lukas Krajicek Dustin Kohn 60 1 2 2
2 Matt Jones Tyson Barrie 40 1 2 2
Penalty Kill 4 Players Forward
Center Wing Time % Phy DF OF
1 Brett Maclean Tyler Bozak 60 1 2 2
2 Damien Brunner Kellan Lain 40 1 2 2
Penalty Kill 4 Players Defense
Defense Defense Time % Phy DF OF
1 Lukas Krajicek Dustin Kohn 60 1 2 2
2 Matt Jones Pavel Valentenko 40 1 2 2
Penalty Kill - 3 Players Forward
Forward Time % Phy DF OF
1 Brett Maclean 60 1 2 2
2 Tyler Bozak 40 1 2 2
Penalty Kill - 3 Players Defense
Defense Defense Time % Phy DF OF
1 Lukas Krajicek Dustin Kohn 60 1 2 2
2 Matt Jones Josh Meyers 40 1 2 2
4 vs 4 Forward
Center Wing Time % Phy DF OF
1 Brett Maclean Tyler Bozak 60 1 2 2
2 Damien Brunner Kellan Lain 40 1 2 2
4 vs 4 Defense
Defense Defense Time % Phy DF OF
1 Lukas Krajicek Dustin Kohn 60 1 2 2
2 Matt Jones Josh Meyers 40 1 2 2
Last Minutes Offensive
Center Left Wing Right Wing Defense Defense
Tyler Bozak Brett Maclean Damien Brunner Lukas Krajicek Dustin Kohn
Last Minutes Defensive
Center Left Wing Right Wing Defense Defense
Tyler Bozak Brett Maclean Damien Brunner Lukas Krajicek Dustin Kohn
Goaltenders
Starting : Frederik Andersen
Backup : Jean-Francois Berube
Extra Forwards
Normal : Craig Smith, J.T. Brown, Taylor Beck - PP : Craig Smith, J.T. Brown - PK : Taylor Beck
Extra Defensemen
Normal : Tyson Barrie, Brian Dumoulin, Lukas Krajicek - PP : Tyson Barrie - PK : Pavel Valentenko, Lukas Krajicek
Penalty Shots
Brett Maclean, Tyler Bozak, Damien Brunner, Kellan Lain, Jamie Arniel
Rafales
5 vs 5 Forward
Center Left Wing Right Wing Time % Phy DF OF
1 Nathan Davis Michael Bournival Jonathan Rheault 40 0 2 3
2 Dan Fritsche Cody McLeod Tim Crowder 30 0 2 3
3 Mike Zigomanis Jeff Skinner Milan Bartovic 20 0 2 3
4 Ryan Bourque Mike Sislo Johan Ryno 10 0 2 3
5 vs 5 Defense
Defense Defense Time % Phy DF OF
1 Willie Mitchell Dmitry Kulikov 40 0 4 1
2 Jonas Junland Ryan Ellis 30 0 4 1
3 Bruno Gervais Matt Gilroy 20 0 4 1
4 Willie Mitchell Dmitry Kulikov 10 0 4 1
PowerPlay Forward
Center Left Wing Right Wing Time % Phy DF OF
1 Mike Zigomanis Cody McLeod Milan Bartovic 60 0 0 5
2 Dan Fritsche Jeff Skinner Tim Crowder 40 0 0 5
PowerPlay Defense
Defense Defense Time % Phy DF OF
1 Dmitry Kulikov Ryan Ellis 60 0 2 3
2 Matt Gilroy Bruno Gervais 40 0 2 3
Penalty Kill 4 Players Forward
Center Wing Time % Phy DF OF
1 Mike Zigomanis Cody McLeod 60 0 4 1
2 Dan Fritsche Nathan Davis 40 0 4 1
Penalty Kill 4 Players Defense
Defense Defense Time % Phy DF OF
1 Willie Mitchell Jonas Junland 60 0 5 0
2 Dmitry Kulikov Ryan Ellis 40 0 5 0
Penalty Kill - 3 Players Forward
Forward Time % Phy DF OF
1 Mike Zigomanis 60 0 5 0
2 Cody McLeod 40 0 5 0
Penalty Kill - 3 Players Defense
Defense Defense Time % Phy DF OF
1 Willie Mitchell Jonas Junland 60 0 5 0
2 Dmitry Kulikov Ryan Ellis 40 0 5 0
4 vs 4 Forward
Center Wing Time % Phy DF OF
1 Mike Zigomanis Milan Bartovic 60 0 2 3
2 Dan Fritsche Nathan Davis 40 0 2 3
4 vs 4 Defense
Defense Defense Time % Phy DF OF
1 Dmitry Kulikov Ryan Ellis 60 0 3 2
2 Matt Gilroy Bruno Gervais 40 0 3 2
Last Minutes Offensive
Center Left Wing Right Wing Defense Defense
Mike Zigomanis Jeff Skinner Michael Bournival Dmitry Kulikov Ryan Ellis
Last Minutes Defensive
Center Left Wing Right Wing Defense Defense
Mike Zigomanis Cody McLeod Milan Bartovic Willie Mitchell Bruno Gervais
Goaltenders
Starting : Eddie Lack
Backup : Loïc Lacasse
Extra Forwards
Normal : Jeff Skinner, Mike Zigomanis, Michael Bournival - PP : Jeff Skinner, Mike Zigomanis - PK : Cody McLeod
Extra Defensemen
Normal : Dmitry Kulikov, Ryan Ellis, Matt Gilroy - PP : Ryan Ellis - PK : Willie Mitchell, Dmitry Kulikov
Penalty Shots
Mike Zigomanis, Milan Bartovic, Dan Fritsche, Nathan Davis, Mike Sislo
% Time on Ice - Diables
Lines # - Real PCT - Wanted PCT - Time Play
Normal Forward
1 - 34% - 40% - 18:27
2 - 29% - 30% - 15:35
3 - 22% - 20% - 12:09
4 - 15% - 10% - 7:52
Normal Defense
1 - 38% - 40% - 20:47
2 - 27% - 30% - 14:38
3 - 23% - 20% - 12:37
4 - 11% - 10% - 6:01
PP Forward
1 - 50% - 60% - 1:00
2 - 50% - 40% - 0:59
PP Defense
1 - 72% - 60% - 1:26
2 - 28% - 40% - 0:33
PK Forward
1 - 70% - 60% - 2:46
2 - 30% - 40% - 1:12
PK Defense
1 - 55% - 60% - 2:10
2 - 45% - 40% - 1:48
PK3 Forward
1 - 0% - 60%
2 - 0% - 40%
PK3 Defense
1 - 0% - 60%
2 - 0% - 40%
44 Forward
1 - 79% - 60% - 3:46
2 - 21% - 40% - 1:01
44 Defense
1 - 64% - 60% - 3:04
2 - 36% - 40% - 1:43
Last Minute Offensive - 0:00
Last Minute Defensive - 0:00
Total
Forward - 64:47
Defense - 64:47
|
% Time on Ice - Rafales
Lines # - Real PCT - Wanted PCT - Time Play
Normal Forward
1 - 35% - 40% - 18:55
2 - 28% - 30% - 14:54
3 - 21% - 20% - 11:27
4 - 16% - 10% - 8:47
Normal Defense
1 - 37% - 40% - 20:14
2 - 33% - 30% - 17:55
3 - 25% - 20% - 13:41
4 - 4% - 10% - 2:13
PP Forward
1 - 61% - 60% - 2:26
2 - 39% - 40% - 1:32
PP Defense
1 - 64% - 60% - 2:33
2 - 36% - 40% - 1:25
PK Forward
1 - 72% - 60% - 1:26
2 - 28% - 40% - 0:33
PK Defense
1 - 59% - 60% - 1:10
2 - 41% - 40% - 0:49
PK3 Forward
1 - 0% - 60%
2 - 0% - 40%
PK3 Defense
1 - 0% - 60%
2 - 0% - 40%
44 Forward
1 - 75% - 60% - 3:34
2 - 25% - 40% - 1:13
44 Defense
1 - 68% - 60% - 3:14
2 - 32% - 40% - 1:33
Last Minute Offensive - 0:00
Last Minute Defensive - 0:00
Total
Forward - 64:47
Defense - 64:47
|
Play by Play
1st period
0:01 of 1st period - Tyler Bozak wins face-off versus Nathan Davis in neutral zone.
0:26 of 1st period - Dmitry Kulikov is hit by Kellan Lain.
0:37 of 1st period - Ryan Ellis is hit by Steve Quailer.
0:50 of 1st period - Icing by Jonas Junland.
0:51 of 1st period - Mike Zigomanis wins face-off versus Jamie Arniel in Rafales zone.
1:20 of 1st period - Wrist shot by J.T. Brown.
1:20 of 1st period - Deflect By Jamie Arniel.
1:20 of 1st period - Shot Misses the Net.
1:20 of 1st period - Puck is out of play.
1:21 of 1st period - Nathan Davis wins face-off versus Craig Smith in Rafales zone.
1:46 of 1st period - Pavel Valentenko is hit by Mike Sislo and loses puck.
2:31 of 1st period - Wrist shot by Jamie Arniel.
2:31 of 1st period - Shot Misses the Net.
2:55 of 1st period - Snap shot by Brett Maclean.
2:55 of 1st period - Stopped by Eddie Lack with a rebound.
2:57 of 1st period - Backhand shot by Pavel Valentenko.
2:57 of 1st period - Deflect By Ryan Ellis.
2:57 of 1st period - Stopped by Eddie Lack with a rebound.
2:59 of 1st period - Backhand shot by Pavel Valentenko.
2:59 of 1st period - Stopped by Eddie Lack with a rebound.
3:11 of 1st period - Snap shot by Johan Ryno.
3:11 of 1st period - Stopped by Frederik Andersen without a rebound.
3:12 of 1st period - Craig Smith wins face-off versus Ryan Bourque in Diables zone.
3:12 of 1st period - Craig Smith is hit by Mike Sislo.
3:24 of 1st period - Dmitry Kulikov is hit by Craig Smith and loses puck.
3:33 of 1st period - Dustin Kohn is hit by Ryan Bourque and loses puck.
3:44 of 1st period - Slapshot by Mike Sislo.
3:44 of 1st period - Stopped by Frederik Andersen without a rebound.
3:45 of 1st period - Nathan Davis wins face-off versus Tyler Bozak in Diables zone.
4:35 of 1st period - Wrist shot by Mike Zigomanis.
4:35 of 1st period - Stopped by Frederik Andersen with a rebound.
5:52 of 1st period - Off-side.
5:53 of 1st period - Craig Smith wins face-off versus Jeff Skinner in neutral zone.
6:15 of 1st period - Snap shot by Tomas Kubalik.
6:15 of 1st period - Shot Blocked by Willie Mitchell.
6:39 of 1st period - Slapshot by Mike Zigomanis.
6:39 of 1st period - Stopped by Frederik Andersen with a rebound.
6:41 of 1st period - Wrist shot by Mike Zigomanis.
6:41 of 1st period - Stopped by Frederik Andersen without a rebound.
6:42 of 1st period - Nathan Davis wins face-off versus Tyler Bozak in Diables zone.
6:43 of 1st period - Slapshot by Ryan Ellis.
6:43 of 1st period - Shot Blocked by Tyler Bozak.
6:55 of 1st period - Wrist shot by Damien Brunner.
6:55 of 1st period - Shot Blocked by Ryan Ellis.
6:57 of 1st period - Wrist shot by Lukas Krajicek.
6:57 of 1st period - Shot Misses the Net.
7:16 of 1st period - Snap shot by Steve Quailer.
7:16 of 1st period - Shot Misses the Net.
7:26 of 1st period - Slapshot by Cody McLeod.
7:26 of 1st period - Stopped by Frederik Andersen without a rebound.
7:27 of 1st period - Ryan Bourque wins face-off versus Jamie Arniel in Diables zone.
7:28 of 1st period - Backhand shot by Mike Sislo.
7:28 of 1st period - Stopped by Frederik Andersen without a rebound.
7:29 of 1st period - Ryan Bourque wins face-off versus Jamie Arniel in Diables zone.
7:40 of 1st period - Slapshot by Dustin Kohn.
7:40 of 1st period - Stopped by Eddie Lack with a rebound.
7:42 of 1st period - Backhand shot by Dustin Kohn.
7:42 of 1st period - Deflect By J.T. Brown.
7:42 of 1st period - Shot Blocked by Mike Sislo.
7:42 of 1st period - Puck is out of play.
7:43 of 1st period - Tyler Bozak wins face-off versus Nathan Davis in Rafales zone.
7:56 of 1st period - Snap shot by Nathan Davis.
7:56 of 1st period - Stopped by Frederik Andersen with a rebound.
8:08 of 1st period - Dan Fritsche is hit by Steve Quailer.
8:09 of 1st period - Icing by Dan Fritsche.
8:10 of 1st period - Kellan Lain wins face-off versus Dan Fritsche in Rafales zone.
8:25 of 1st period - Slapshot by Dustin Kohn.
8:25 of 1st period - Stopped by Eddie Lack with a rebound.
8:53 of 1st period - Off-side.
8:54 of 1st period - Jamie Arniel wins face-off versus Mike Zigomanis in neutral zone.
9:07 of 1st period - Off-side.
9:08 of 1st period - Tyler Bozak wins face-off versus Nathan Davis in neutral zone.
9:13 of 1st period - Snap shot by Damien Brunner.
9:13 of 1st period - Stopped by Eddie Lack with a rebound.
9:16 of 1st period - Icing by Dmitry Kulikov.
9:17 of 1st period - Tyler Bozak wins face-off versus Nathan Davis in Rafales zone.
9:24 of 1st period - Snap shot by Nathan Davis.
9:24 of 1st period - Shot Misses the Net.
9:26 of 1st period - Slapshot by Dmitry Kulikov.
9:26 of 1st period - Shot Blocked by Dustin Kohn.
9:44 of 1st period - Snap shot by Jonathan Rheault.
9:44 of 1st period - Stopped by Frederik Andersen without a rebound.
9:45 of 1st period - Dan Fritsche wins face-off versus Kellan Lain in Diables zone.
9:50 of 1st period - Wrist shot by Dan Fritsche.
9:50 of 1st period - Stopped by Frederik Andersen without a rebound.
9:51 of 1st period - Dan Fritsche wins face-off versus Kellan Lain in Diables zone.
10:30 of 1st period - Snap shot by Steve Quailer.
10:30 of 1st period - Stopped by Eddie Lack without a rebound.
10:31 of 1st period - Tyler Bozak wins face-off versus Nathan Davis in Rafales zone.
10:32 of 1st period - Wrist shot by Damien Brunner.
10:32 of 1st period - Shot Misses the Net.
10:34 of 1st period - Snap shot by Tyler Bozak.
10:34 of 1st period - Stopped by Eddie Lack without a rebound.
10:35 of 1st period - Nathan Davis wins face-off versus Tyler Bozak in Rafales zone.
10:48 of 1st period - Slapshot by Jonathan Rheault.
10:48 of 1st period - Shot Misses the Net.
10:54 of 1st period - Nathan Davis is hit by Brett Maclean.
11:48 of 1st period - Backhand shot by Dustin Kohn.
11:48 of 1st period - Shot Blocked by Matt Gilroy.
11:50 of 1st period - Snap shot by J.T. Brown.
11:50 of 1st period - Stopped by Eddie Lack with a rebound.
12:07 of 1st period - Icing by Nathan Davis.
12:08 of 1st period - Nathan Davis wins face-off versus Damien Brunner in Rafales zone.
13:01 of 1st period - Snap shot by Kellan Lain.
13:01 of 1st period - Shot Blocked by Dan Fritsche.
13:03 of 1st period - Wrist shot by Pierre-Cédric Labrie.
13:03 of 1st period - Shot Blocked by Dmitry Kulikov.
13:05 of 1st period - Slapshot by Matt Jones.
13:05 of 1st period - Stopped by Eddie Lack without a rebound.
13:06 of 1st period - Nathan Davis wins face-off versus Kellan Lain in Rafales zone.
13:36 of 1st period - Dustin Kohn is hit by Cody McLeod and loses puck.
13:55 of 1st period - Off-side.
13:56 of 1st period - Mike Zigomanis wins face-off versus Jamie Arniel in neutral zone.
14:11 of 1st period - Wrist shot by Mike Zigomanis.
14:11 of 1st period - Shot Blocked by J.T. Brown.
14:23 of 1st period - Tyler Bozak is hit by Nathan Davis and loses puck.
14:46 of 1st period - Snap shot by Steve Quailer.
14:46 of 1st period - Deflect By Pierre-Cédric Labrie.
14:46 of 1st period - Shot Blocked by Willie Mitchell.
14:46 of 1st period - Puck is out of play.
14:47 of 1st period - Dan Fritsche wins face-off versus Kellan Lain in Rafales zone.
15:04 of 1st period - Wrist shot by Tim Crowder.
15:04 of 1st period - Stopped by Frederik Andersen with a rebound.
15:06 of 1st period - Wrist shot by Dan Fritsche.
15:06 of 1st period - Deflect By Dustin Kohn.
15:06 of 1st period - Shot Misses the Net.
15:06 of 1st period - Puck is out of play.
15:07 of 1st period - Tyler Bozak wins face-off versus Nathan Davis in Diables zone.
15:09 of 1st period - Minor Penalty to Josh Meyers for Roughing.
15:10 of 1st period - Mike Zigomanis wins face-off versus Brett Maclean in Diables zone.
15:14 of 1st period - Snap shot by Cody McLeod.
15:14 of 1st period - Stopped by Frederik Andersen without a rebound.
15:15 of 1st period - Brett Maclean wins face-off versus Mike Zigomanis in Diables zone.
15:54 of 1st period - Wrist shot by Cody McLeod.
15:54 of 1st period - Shot Misses the Net.
16:00 of 1st period - Snap shot by Cody McLeod.
16:00 of 1st period - Stopped by Frederik Andersen without a rebound.
16:01 of 1st period - Dan Fritsche wins face-off versus Brett Maclean in Diables zone.
17:06 of 1st period - Milan Bartovic is hit by Dustin Kohn and loses puck.
17:09 of 1st period - Penalty to Josh Meyers is over, Josh Meyers is back on ice.
17:22 of 1st period - Wrist shot by Tomas Kubalik.
17:22 of 1st period - Shot Misses the Net.
17:28 of 1st period - Pavel Valentenko is hit by Bruno Gervais and loses puck.
17:49 of 1st period - Mike Sislo is hit by Taylor Beck and loses puck.
18:08 of 1st period - Minor Penalty to Matt Jones for Hooking.
18:09 of 1st period - Mike Zigomanis wins face-off versus Brett Maclean in Diables zone.
18:12 of 1st period - Snap shot by Mike Zigomanis.
18:12 of 1st period - Shot Misses the Net.
18:44 of 1st period - Snap shot by Kellan Lain.
18:44 of 1st period - Shot Blocked by Jeff Skinner.
18:52 of 1st period - Snap shot by Dustin Kohn.
18:52 of 1st period - Deflect By Damien Brunner.
18:52 of 1st period - Stopped by Eddie Lack without a rebound.
18:53 of 1st period - Brett Maclean wins face-off versus Mike Zigomanis in Rafales zone.
18:58 of 1st period - Wrist shot by Brett Maclean.
18:58 of 1st period - Shot Misses the Net.
Goals for this period are 0 for Diables vs 0 for Rafales.
Shots for this period are 11 for Diables vs 13 for Rafales.
2nd period
0:01 of 2nd period - Mike Zigomanis wins face-off versus Brett Maclean in neutral zone.
0:08 of 2nd period - Penalty to Matt Jones is over, Matt Jones is back on ice.
0:26 of 2nd period - Dmitry Kulikov is hit by Dustin Kohn and loses puck.
0:51 of 2nd period - Wrist shot by Johan Ryno.
0:51 of 2nd period - Stopped by Frederik Andersen without a rebound.
0:52 of 2nd period - Tyler Bozak wins face-off versus Ryan Bourque in Diables zone.
1:17 of 2nd period - Matt Gilroy is hit by Matt Jones and loses puck.
1:44 of 2nd period - Wrist shot by Nathan Davis.
1:44 of 2nd period - Stopped by Frederik Andersen with a rebound.
1:52 of 2nd period - Snap shot by Michael Bournival.
1:52 of 2nd period - Shot Misses the Net.
2:12 of 2nd period - Wrist shot by Cody McLeod.
2:12 of 2nd period - Shot Blocked by Damien Brunner.
2:22 of 2nd period - Lukas Krajicek is hit by Jeff Skinner and loses puck.
2:29 of 2nd period - Slapshot by Ryan Ellis.
2:29 of 2nd period - Shot Misses the Net.
2:31 of 2nd period - Wrist shot by Jeff Skinner.
2:31 of 2nd period - Stopped by Frederik Andersen without a rebound.
2:32 of 2nd period - Nathan Davis wins face-off versus Pierre-Cédric Labrie in Diables zone.
2:35 of 2nd period - Snap shot by Nathan Davis.
2:35 of 2nd period - Stopped by Frederik Andersen without a rebound.
2:36 of 2nd period - Nathan Davis wins face-off versus Kellan Lain in Diables zone.
4:22 of 2nd period - Dustin Kohn is hit by Jonathan Rheault and loses puck.
4:43 of 2nd period - Wrist shot by Damien Brunner.
4:43 of 2nd period - Stopped by Eddie Lack with a rebound.
4:53 of 2nd period - Matt Jones is hit by Ryan Ellis and loses puck.
5:02 of 2nd period - Wrist shot by Mike Zigomanis.
5:02 of 2nd period - Shot Blocked by Tomas Kubalik.
5:04 of 2nd period - Snap shot by Mike Zigomanis.
5:04 of 2nd period - Shot Blocked by Craig Smith.
5:22 of 2nd period - Wrist shot by Steve Quailer.
5:22 of 2nd period - Stopped by Eddie Lack with a rebound.
5:24 of 2nd period - Slapshot by Josh Meyers.
5:24 of 2nd period - Stopped by Eddie Lack without a rebound.
5:25 of 2nd period - Cody McLeod wins face-off versus Tyler Bozak in Rafales zone.
5:25 of 2nd period - Cody McLeod is hit by Damien Brunner.
6:09 of 2nd period - Snap shot by Cody McLeod.
6:09 of 2nd period - Shot Blocked by Tomas Kubalik.
6:27 of 2nd period - Tyson Barrie is hit by Ryan Ellis and loses puck.
6:38 of 2nd period - Snap shot by Dan Fritsche.
6:38 of 2nd period - Stopped by Frederik Andersen without a rebound.
6:39 of 2nd period - Tyler Bozak wins face-off versus Nathan Davis in Diables zone.
6:54 of 2nd period - Snap shot by Damien Brunner.
6:54 of 2nd period - Stopped by Eddie Lack with a rebound.
7:11 of 2nd period - Wrist shot by Milan Bartovic.
7:11 of 2nd period - Shot Blocked by Dustin Kohn.
7:13 of 2nd period - Slapshot by Bruno Gervais.
7:13 of 2nd period - Stopped by Frederik Andersen without a rebound.
7:14 of 2nd period - Tyler Bozak wins face-off versus Nathan Davis in Diables zone.
7:14 of 2nd period - Tyler Bozak is hit by Nathan Davis.
7:40 of 2nd period - Snap shot by Kellan Lain.
7:40 of 2nd period - Stopped by Eddie Lack with a rebound.
8:36 of 2nd period - Bruno Gervais is hit by J.T. Brown and loses puck.
9:03 of 2nd period - Snap shot by Ryan Ellis.
9:03 of 2nd period - Deflect By Mike Zigomanis.
9:03 of 2nd period - Shot Misses the Net.
9:03 of 2nd period - Puck is out of play.
9:04 of 2nd period - Nathan Davis wins face-off versus Brett Maclean in Diables zone.
9:11 of 2nd period - Snap shot by Jonathan Rheault.
9:11 of 2nd period - Shot Misses the Net.
9:38 of 2nd period - Wrist shot by Kellan Lain.
9:38 of 2nd period - Stopped by Eddie Lack without a rebound.
9:39 of 2nd period - Tyler Bozak wins face-off versus Dan Fritsche in Rafales zone.
9:42 of 2nd period - Snap shot by Damien Brunner.
9:42 of 2nd period - Stopped by Eddie Lack without a rebound.
9:43 of 2nd period - Cody McLeod wins face-off versus Tyler Bozak in Rafales zone.
9:58 of 2nd period - Wrist shot by Cody McLeod.
9:58 of 2nd period - Stopped by Frederik Andersen without a rebound.
9:59 of 2nd period - Kellan Lain wins face-off versus Nathan Davis in Diables zone.
10:04 of 2nd period - Slapshot by Dustin Kohn.
10:04 of 2nd period - Deflect By Kellan Lain.
10:04 of 2nd period - Stopped by Eddie Lack with a rebound.
10:14 of 2nd period - Willie Mitchell is hit by Dustin Kohn and loses puck.
10:31 of 2nd period - Wrist shot by Tyler Bozak.
10:31 of 2nd period - Goal by Tyler Bozak - Diables : 1 - Rafales : 0.
10:32 of 2nd period - Tyler Bozak wins face-off versus Nathan Davis in neutral zone.
10:35 of 2nd period - Slapshot by Tyler Bozak.
10:35 of 2nd period - Stopped by Eddie Lack with a rebound.
10:37 of 2nd period - Snap shot by Damien Brunner.
10:37 of 2nd period - Shot Misses the Net.
10:39 of 2nd period - Slapshot by Matt Jones.
10:39 of 2nd period - Shot Hit the Post.
10:41 of 2nd period - Wrist shot by Brett Maclean.
10:41 of 2nd period - Stopped by Eddie Lack with a rebound.
10:47 of 2nd period - Snap shot by Damien Brunner.
10:47 of 2nd period - Stopped by Eddie Lack with a rebound.
10:59 of 2nd period - Steve Quailer is hit by Dmitry Kulikov.
12:05 of 2nd period - Wrist shot by Brett Maclean.
12:05 of 2nd period - Goal by Brett Maclean - Diables : 2 - Rafales : 0.
12:06 of 2nd period - Tyler Bozak wins face-off versus Nathan Davis in neutral zone.
12:17 of 2nd period - Slapshot by Ryan Ellis.
12:17 of 2nd period - Deflect By Nathan Davis.
12:17 of 2nd period - Stopped by Frederik Andersen without a rebound.
12:18 of 2nd period - Tyler Bozak wins face-off versus Nathan Davis in Diables zone.
12:28 of 2nd period - Slapshot by Willie Mitchell.
12:28 of 2nd period - Goal by Willie Mitchell - Diables : 2 - Rafales : 1.
12:29 of 2nd period - Nathan Davis wins face-off versus Damien Brunner in neutral zone.
12:42 of 2nd period - Snap shot by Tyler Bozak.
12:42 of 2nd period - Shot Blocked by Willie Mitchell.
13:16 of 2nd period - Matt Jones is hit by Cody McLeod and loses puck.
13:23 of 2nd period - Snap shot by Dan Fritsche.
13:23 of 2nd period - Stopped by Frederik Andersen with a rebound.
13:43 of 2nd period - Slapshot by Dmitry Kulikov.
13:43 of 2nd period - Shot Blocked by Matt Jones.
13:45 of 2nd period - Slapshot by Dmitry Kulikov.
13:45 of 2nd period - Shot Misses the Net.
14:03 of 2nd period - Slapshot by Taylor Beck.
14:03 of 2nd period - Stopped by Eddie Lack with a rebound.
14:08 of 2nd period - Icing by Nathan Davis.
14:09 of 2nd period - Kellan Lain wins face-off versus Nathan Davis in Rafales zone.
14:16 of 2nd period - Snap shot by Pierre-Cédric Labrie.
14:16 of 2nd period - Stopped by Eddie Lack without a rebound.
14:17 of 2nd period - Kellan Lain wins face-off versus Dan Fritsche in Rafales zone.
14:32 of 2nd period - Wrist shot by Pierre-Cédric Labrie.
14:32 of 2nd period - Stopped by Eddie Lack with a rebound.
15:19 of 2nd period - Patrick Maroon is hit by Mike Zigomanis and loses puck.
15:26 of 2nd period - Slapshot by Ryan Ellis.
15:26 of 2nd period - Shot Blocked by Pavel Valentenko.
15:28 of 2nd period - Wrist shot by Jonas Junland.
15:28 of 2nd period - Shot Misses the Net.
15:30 of 2nd period - Snap shot by Jonas Junland.
15:30 of 2nd period - Shot Blocked by Patrick Maroon.
15:32 of 2nd period - Slapshot by Jeff Skinner.
15:32 of 2nd period - Shot Blocked by Craig Smith.
15:38 of 2nd period - Slapshot by Ryan Ellis.
15:38 of 2nd period - Deflect By Milan Bartovic.
15:38 of 2nd period - Shot Misses the Net.
15:38 of 2nd period - Puck is out of play.
15:39 of 2nd period - Tyler Bozak wins face-off versus Nathan Davis in Diables zone.
16:13 of 2nd period - Wrist shot by Cody McLeod.
16:13 of 2nd period - Shot Misses the Net.
16:32 of 2nd period - Snap shot by Johan Ryno.
16:32 of 2nd period - Shot Misses the Net.
16:48 of 2nd period - Matt Gilroy is hit by Damien Brunner and loses puck.
17:15 of 2nd period - Slapshot by Dustin Kohn.
17:15 of 2nd period - Stopped by Eddie Lack with a rebound.
18:06 of 2nd period - Snap shot by Nathan Davis.
18:06 of 2nd period - Stopped by Frederik Andersen with a rebound.
18:15 of 2nd period - Off-side.
18:16 of 2nd period - Ryan Bourque wins face-off versus Jamie Arniel in neutral zone.
18:29 of 2nd period - Slapshot by Matt Jones.
18:29 of 2nd period - Stopped by Eddie Lack without a rebound.
18:30 of 2nd period - Tyler Bozak wins face-off versus Nathan Davis in Rafales zone.
18:55 of 2nd period - Dan Fritsche is hit by Kellan Lain and loses puck.
19:20 of 2nd period - Icing by Pierre-Cédric Labrie.
19:21 of 2nd period - Ryan Bourque wins face-off versus Kellan Lain in Diables zone.
19:36 of 2nd period - Snap shot by Mike Sislo.
19:36 of 2nd period - Shot Misses the Net.
19:53 of 2nd period - Slapshot by Ryan Ellis.
19:53 of 2nd period - Stopped by Frederik Andersen without a rebound.
19:54 of 2nd period - Tyler Bozak wins face-off versus Jonathan Rheault in Diables zone.
Goals for this period are 2 for Diables vs 1 for Rafales.
Shots for this period are 18 for Diables vs 12 for Rafales.
3rd period
0:01 of 3rd period - Nathan Davis wins face-off versus Tyler Bozak in neutral zone.
0:49 of 3rd period - Snap shot by Johan Ryno.
0:49 of 3rd period - Stopped by Frederik Andersen with a rebound.
1:03 of 3rd period - Slapshot by J.T. Brown.
1:03 of 3rd period - Shot Misses the Net.
1:05 of 3rd period - Wrist shot by J.T. Brown.
1:05 of 3rd period - Stopped by Eddie Lack with a rebound.
1:07 of 3rd period - Slapshot by Pavel Valentenko.
1:07 of 3rd period - Shot Misses the Net.
1:23 of 3rd period - Jonathan Rheault is hit by Pavel Valentenko.
1:43 of 3rd period - Matt Jones is hit by Cody McLeod.
2:51 of 3rd period - Slapshot by Kellan Lain.
2:51 of 3rd period - Shot Misses the Net.
3:01 of 3rd period - Wrist shot by Nathan Davis.
3:01 of 3rd period - Stopped by Frederik Andersen with a rebound.
3:21 of 3rd period - Slapshot by Dustin Kohn.
3:21 of 3rd period - Deflect By Taylor Beck.
3:21 of 3rd period - Stopped by Eddie Lack without a rebound.
3:22 of 3rd period - Nathan Davis wins face-off versus Tyler Bozak in Rafales zone.
3:22 of 3rd period - Nathan Davis is hit by Pavel Valentenko.
3:36 of 3rd period - Snap shot by Ryan Ellis.
3:36 of 3rd period - Stopped by Frederik Andersen with a rebound.
3:54 of 3rd period - Kellan Lain is hit by Tim Crowder and loses puck.
4:25 of 3rd period - Snap shot by Tyson Barrie.
4:25 of 3rd period - Deflect By Tomas Kubalik.
4:25 of 3rd period - Shot Misses the Net.
4:25 of 3rd period - Puck is out of play.
4:26 of 3rd period - Tyler Bozak wins face-off versus Michael Bournival in Rafales zone.
4:31 of 3rd period - Snap shot by Tyler Bozak.
4:31 of 3rd period - Shot Blocked by Nathan Davis.
4:33 of 3rd period - Backhand shot by Lukas Krajicek.
4:33 of 3rd period - Stopped by Eddie Lack with a rebound.
4:35 of 3rd period - Slapshot by Dustin Kohn.
4:35 of 3rd period - Deflect By Dmitry Kulikov.
4:35 of 3rd period - Stopped by Eddie Lack with a rebound.
4:47 of 3rd period - Minor Penalty to Michael Bournival for Hooking.
4:48 of 3rd period - Mike Zigomanis wins face-off versus Tyler Bozak in Rafales zone.
4:57 of 3rd period - Tyler Bozak is hit by Cody McLeod and loses puck.
5:18 of 3rd period - Cody McLeod is hit by Lukas Krajicek and loses puck.
5:53 of 3rd period - Slapshot by Jonas Junland.
5:53 of 3rd period - Stopped by Frederik Andersen with a rebound.
5:55 of 3rd period - Slapshot by Jonas Junland.
5:55 of 3rd period - Shot Misses the Net.
5:57 of 3rd period - Slapshot by Willie Mitchell.
5:57 of 3rd period - Stopped by Frederik Andersen without a rebound.
5:58 of 3rd period - Cody McLeod wins face-off versus Kellan Lain in Diables zone.
6:47 of 3rd period - Penalty to Michael Bournival is over, Michael Bournival is back on ice.
7:06 of 3rd period - Wrist shot by Johan Ryno.
7:06 of 3rd period - Shot Misses the Net.
7:08 of 3rd period - Wrist shot by Dmitry Kulikov.
7:08 of 3rd period - Stopped by Frederik Andersen without a rebound.
7:09 of 3rd period - Ryan Bourque wins face-off versus Craig Smith in Diables zone.
7:30 of 3rd period - Jonathan Rheault is hit by Pierre-Cédric Labrie and loses puck.
7:35 of 3rd period - Snap shot by Kellan Lain.
7:35 of 3rd period - Shot Misses the Net.
7:37 of 3rd period - Slapshot by Pavel Valentenko.
7:37 of 3rd period - Shot Blocked by Michael Bournival.
7:39 of 3rd period - Snap shot by Kellan Lain.
7:39 of 3rd period - Stopped by Eddie Lack with a rebound.
9:17 of 3rd period - Slapshot by Tyler Bozak.
9:17 of 3rd period - Stopped by Eddie Lack without a rebound.
9:18 of 3rd period - Jeff Skinner wins face-off versus Tyler Bozak in Rafales zone.
10:04 of 3rd period - Dan Fritsche is hit by Patrick Maroon and loses puck.
10:11 of 3rd period - Wrist shot by Craig Smith.
10:11 of 3rd period - Stopped by Eddie Lack with a rebound.
10:41 of 3rd period - Snap shot by Bruno Gervais.
10:41 of 3rd period - Stopped by Frederik Andersen with a rebound.
10:43 of 3rd period - Slapshot by Bruno Gervais.
10:43 of 3rd period - Shot Blocked by Damien Brunner.
10:45 of 3rd period - Slapshot by Mike Zigomanis.
10:45 of 3rd period - Goal by Mike Zigomanis - Diables : 2 - Rafales : 2.
10:46 of 3rd period - Tyler Bozak wins face-off versus Nathan Davis in neutral zone.
11:41 of 3rd period - Milan Bartovic is hit by Patrick Maroon and loses puck.
11:56 of 3rd period - Mike Sislo is hit by Taylor Beck and loses puck.
12:21 of 3rd period - Snap shot by Nathan Davis.
12:21 of 3rd period - Shot Blocked by Josh Meyers.
12:23 of 3rd period - Snap shot by Nathan Davis.
12:23 of 3rd period - Deflect By Michael Bournival.
12:23 of 3rd period - Stopped by Frederik Andersen without a rebound.
12:24 of 3rd period - Dan Fritsche wins face-off versus Tyler Bozak in Diables zone.
12:31 of 3rd period - Snap shot by Dan Fritsche.
12:31 of 3rd period - Stopped by Frederik Andersen with a rebound.
12:49 of 3rd period - Ryan Ellis is hit by Dustin Kohn and loses puck.
13:14 of 3rd period - Snap shot by Milan Bartovic.
13:14 of 3rd period - Shot Blocked by Patrick Maroon.
14:18 of 3rd period - Matt Gilroy is hit by Steve Quailer and loses puck.
14:39 of 3rd period - Snap shot by J.T. Brown.
14:39 of 3rd period - Stopped by Eddie Lack with a rebound.
15:25 of 3rd period - Snap shot by Nathan Davis.
15:25 of 3rd period - Shot Misses the Net.
15:27 of 3rd period - Slapshot by Michael Bournival.
15:27 of 3rd period - Shot Misses the Net.
15:31 of 3rd period - Slapshot by Nathan Davis.
15:31 of 3rd period - Stopped by Frederik Andersen with a rebound.
15:41 of 3rd period - Cody McLeod is hit by Pavel Valentenko and loses puck.
15:50 of 3rd period - Slapshot by Dustin Kohn.
15:50 of 3rd period - Deflect By Dan Fritsche.
15:50 of 3rd period - Stopped by Eddie Lack with a rebound.
15:52 of 3rd period - Snap shot by Craig Smith.
15:52 of 3rd period - Stopped by Eddie Lack without a rebound.
15:53 of 3rd period - Kellan Lain wins face-off versus Mike Zigomanis in Rafales zone.
16:02 of 3rd period - Slapshot by Kellan Lain.
16:02 of 3rd period - Shot Misses the Net.
16:04 of 3rd period - Wrist shot by Pierre-Cédric Labrie.
16:04 of 3rd period - Stopped by Eddie Lack with a rebound.
16:35 of 3rd period - Ryan Ellis is hit by Brett Maclean and loses puck.
18:29 of 3rd period - Jonas Junland is hit by Matt Jones and loses puck.
19:01 of 3rd period - Snap shot by Damien Brunner.
19:01 of 3rd period - Shot Misses the Net.
19:03 of 3rd period - Wrist shot by Damien Brunner.
19:03 of 3rd period - Stopped by Eddie Lack with a rebound.
19:05 of 3rd period - Snap shot by Tyler Bozak.
19:05 of 3rd period - Shot Misses the Net.
Goals for this period are 0 for Diables vs 1 for Rafales.
Shots for this period are 12 for Diables vs 11 for Rafales.
Overtime #1
0:01 of 1st overtime period - Mike Zigomanis wins face-off versus Brett Maclean in neutral zone.
0:48 of 1st overtime period - Slapshot by Ryan Ellis.
0:48 of 1st overtime period - Deflect By Nathan Davis.
0:48 of 1st overtime period - Shot Misses the Net.
0:48 of 1st overtime period - Puck is out of play.
0:49 of 1st overtime period - Dan Fritsche wins face-off versus Tyler Bozak in Diables zone.
0:52 of 1st overtime period - Snap shot by Dan Fritsche.
0:52 of 1st overtime period - Shot Misses the Net.
0:54 of 1st overtime period - Snap shot by Matt Gilroy.
0:54 of 1st overtime period - Stopped by Frederik Andersen without a rebound.
0:55 of 1st overtime period - Tyler Bozak wins face-off versus Mike Zigomanis in Diables zone.
1:02 of 1st overtime period - Wrist shot by Tyler Bozak.
1:02 of 1st overtime period - Deflect By Brett Maclean.
1:02 of 1st overtime period - Stopped by Eddie Lack without a rebound.
1:03 of 1st overtime period - Mike Zigomanis wins face-off versus Brett Maclean in Rafales zone.
1:13 of 1st overtime period - Slapshot by Dustin Kohn.
1:13 of 1st overtime period - Shot Misses the Net.
1:45 of 1st overtime period - Snap shot by Dan Fritsche.
1:45 of 1st overtime period - Stopped by Frederik Andersen with a rebound.
2:08 of 1st overtime period - Off-side.
2:09 of 1st overtime period - Craig Smith wins face-off versus Jeff Skinner in neutral zone.
2:22 of 1st overtime period - Wrist shot by Craig Smith.
2:22 of 1st overtime period - Shot Misses the Net.
2:24 of 1st overtime period - Slapshot by J.T. Brown.
2:24 of 1st overtime period - Deflect By Craig Smith.
2:24 of 1st overtime period - Stopped by Eddie Lack without a rebound.
2:25 of 1st overtime period - Brett Maclean wins face-off versus Mike Zigomanis in Rafales zone.
2:34 of 1st overtime period - Snap shot by Tyler Bozak.
2:34 of 1st overtime period - Deflect By Brett Maclean.
2:34 of 1st overtime period - Stopped by Eddie Lack without a rebound.
2:35 of 1st overtime period - Brett Maclean wins face-off versus Mike Zigomanis in Rafales zone.
2:40 of 1st overtime period - Snap shot by Tyler Bozak.
2:40 of 1st overtime period - Stopped by Eddie Lack without a rebound.
2:41 of 1st overtime period - Brett Maclean wins face-off versus Mike Zigomanis in Rafales zone.
2:48 of 1st overtime period - Snap shot by Tyler Bozak.
2:48 of 1st overtime period - Shot Misses the Net.
3:18 of 1st overtime period - Snap shot by Dustin Kohn.
3:18 of 1st overtime period - Deflect By Matt Gilroy.
3:18 of 1st overtime period - Stopped by Eddie Lack without a rebound.
3:19 of 1st overtime period - Dan Fritsche wins face-off versus Damien Brunner in Rafales zone.
4:23 of 1st overtime period - Wrist shot by Jeff Skinner.
4:23 of 1st overtime period - Shot Misses the Net.
4:45 of 1st overtime period - Slapshot by Nathan Davis.
4:45 of 1st overtime period - Stopped by Frederik Andersen with a rebound.
4:47 of 1st overtime period - Wrist shot by Dan Fritsche.
4:47 of 1st overtime period - Goal by Dan Fritsche - Diables : 2 - Rafales : 3.
Goals for this period are 0 for Diables vs 1 for Rafales.
Shots for this period are 5 for Diables vs 4 for Rafales.
Output by the SimonT Hockey Simulator (STHS) for François Prévost -- Original Page W3C XHTML 1.0 Valid